Cogmind - Beta 11 @@@ ROGUE MODE // 2022.03.27 @ 20:18:35 Player: woegarden Result: Destroyed by G-47 Trooper with Particle Gun Performance ------------- Evolutions (1) 500 Regions Visited (2) 400 Robots Destroyed (17) 85 Value Destroyed (340) 340 Prototype IDs (1) 20 Alien Tech Used (0) 0 Bonus (0) 0 TOTAL SCORE: 1345 Bonus ------- None Cogmind --------- Core Integrity 0/400 Matter 255/300 Energy 40/100 System Corruption 0% Temperature Cool (9) Movement Core (850) Ox16 Location -9/Materials Parts ------- > --- POWER (1) -------- (None) > --- PROPULSION (3) --- (None) > --- UTILITY (3) ------ High-capacity Storage Unit Weapon Shielding > --- WEAPON (2) ------- Light EM Pulse Cannon Light EM Pulse Cannon > --- INVENTORY (20) --- Large Storage Unit Huge Storage Unit Weapon Shielding Light EM Pulse Cannon Rocket Launcher Mace Flail Peak State ------------ > --- POWER ------------ Improved Ion Engine > --- PROPULSION ------- Wheel Wheel Wheel > --- UTILITY ---------- Huge Storage Unit Weight Redist. System Sensor Array > --- WEAPON ----------- Mace Flail > --- INVENTORY -------- Light Ion Engine Aluminum Leg Aluminum Leg Hover Unit Flight Unit Flight Unit Flight Unit Large Storage Unit Weapon Shielding Hacking Suite Light EM Pulse Cannon Light EM Pulse Cannon Light EM Pulse Cannon Light Assault Rifle Light Assault Rifle Light Assault Rifle Mace [Rating: 15] Favorites ----------- Power Ion Engine Engine Ion Engine Propulsion Wheel Treads Light Treads Leg Aluminum Leg Wheel Wheel Utility Huge Storage Unit Device Sensor Array Storage Huge Storage Unit Weapon Light Assault Rifle Energy Gun Medium Laser Energy Cannon Light EM Pulse Cannon Ballistic Gun Light Assault Rifle Impact Weapon Flail Build | -11 -10 -9 ------- Run | Scr Mat Mat Slots Evolved 2 | . . 2 Power . | . . . Propulsion 1 | . . 1 Utility 1 | . . 1 Weapon . | . . . Parts Attached 25 | . 10 15 Power 5 | . 1 4 Engine 5 | . 1 4 Core . | . . . Reactor . | . . . Propulsion 6 | . 4 2 Treads 2 | . 2 . Leg . | . . . Wheel 4 | . 2 2 Hover . | . . . Flight . | . . . Utility 6 | . 2 4 Device 2 | . 1 1 Storage 3 | . 1 2 Processor . | . . . Hackware . | . . . Protection 1 | . . 1 Artifact . | . . . Weapon 8 | . 3 5 Energy Gun . | . . . Energy Cannon 2 | . . 2 Ballistic Gun 4 | . 3 1 Ballistic Cannon . | . . . Launcher . | . . . Special Weapon . | . . . Impact Weapon 2 | . . 2 Slashing Weapon . | . . . Piercing Weapon . | . . . Special Melee Weapon . | . . . Unidentified Prototypes 1 | . . 1 Parts Lost 9 | . . 9 Power 2 | . . 2 Propulsion 4 | . . 4 Utility 2 | . . 2 Weapon 1 | . . 1 Highest Loss Streak 5 | . . 5 To Critical Strikes . | . . . Average Slot Usage (%) 79 | . 93 68 Engine 11 | . 14 9 Treads 7 | . 17 . Leg 2 | . 6 . Wheel 9 | . 4 13 Device 9 | . 6 12 Storage 13 | . 16 11 Energy Gun 2 | . 5 . Ballistic Gun 14 | . 22 7 Impact Weapon 7 | . . 14 Naked Turns . | . . . Heaviest Build 93 | 13 93 92 Greatest Support 40 | 20 40 36 Greatest Overweight (x) 28 | . 4 28 Average Overweight (x) 3 | . 2 4 Largest Inventory Capacity 25 | . 25 25 Average Capacity 24 | . 23 24 Most Carried 18 | . 15 18 Average Carried 10 | . 10 10 Final Capacity 25 | 8 25 20 Final Carried 11 | 6 11 7 Class Distribution -------------------- 95% | Mutant 4% | Scavenger-Mutant Dominant Class ---------------- Mutant | -10/Materials Mutant | -9/Materials Resources | -11 -10 -9 ----------- Run | Scr Mat Mat Matter Collected 414 | 200 68 146 Remotely . | . . . Salvage Created 487 | . 216 271 Parts 23 | . 17 6 Haulers Intercepted 1 | . 1 . Recyclers Shooed . | . . . Parts Field Recycled . | . . . Retrieved Matter . | . . . Parts Self-Destructed . | . . . Prevented . | . . . Kills | -11 -10 -9 ------- Run | Scr Mat Mat Combat Hostiles Destroyed 12 | . 7 5 Guns 8 | . 7 1 Classes Destroyed 7 | . 5 2 Worker 2 | . 1 1 Hauler 1 | . 1 . Mechanic 1 | . . 1 Operator 1 | . 1 . Swarmer 6 | . 6 . Grunt 3 | . 1 2 Sentry 3 | . . 3 Best Kill Streak 7 | . 7 2 Combat Bots Only 6 | . 6 2 Max Kills in Single Turn 2 | . 2 1 Gunslinging 1 | . 1 . Exploded . | . . . Melee . | . . . Uniques/NPCs Destroyed . | . . . Combat | -11 -10 -9 -------- Run | Scr Mat Mat Damage Taken 1761 | . 562 1199 Core 511 | . 99 412 Absorbed by Shields . | . . . Core Remaining (%) 80 | 100 60 . Volleys Fired 28 | . 15 13 Largest 2 | . 2 2 Hottest 70 | . 70 40 Shots Fired 56 | . 30 26 Gun 56 | . 30 26 Cannon . | . . . Launcher . | . . . Special . | . . . Kinetic 44 | . 18 26 Thermal 12 | . 12 . Explosive . | . . . Electromagnetic . | . . . Robot Hit Streak 9 | . 8 9 Robot Miss Streak 4 | . 4 2 Penetration Max . | . . . Secondary Targets 2 | . 2 . Max Gunslinging Chain 1 | . 1 . Shots Hit Robots 49 | . 17 32 Core Hits 19 | . 15 4 Critical Kills . | . . . Critical Parts Destroyed 4 | . . 4 Critical Strikes 4 | . . 4 Smash 4 | . . 4 Melee Attacks 15 | . . 15 Impact 15 | . . 15 Slashing . | . . . Piercing . | . . . Sneak Attacks 2 | . . 2 Combat Hostiles . | . . . Follow-up Attacks 3 | . . 3 Damage Inflicted 841 | . 188 653 Guns 323 | . 188 135 Cannons . | . . . Explosions . | . . . Melee 518 | . . 518 Ramming . | . . . Kinetic 211 | . 76 135 Thermal 112 | . 112 . Explosive . | . . . Electromagnetic . | . . . Impact 518 | . . 518 Slashing . | . . . Piercing . | . . . Highest Corruption . | . . . Average Corruption . | . . . Corruption Purged . | . . . Corruption Blocked . | . . . Overload Shots . | . . . Overflow Damage 202 | . . 202 Projectiles . | . . . Explosions . | . . . Melee 202 | . . 202 Knockbacks 5 | . . 5 Impact 5 | . . 5 Kinetic . | . . . Secondary . | . . . Self-Inflicted Damage . | . . . Shots . | . . . Rammed . | . . . Targets Rammed . | . . . Kicked . | . . . Crushed . | . . . Highest Temperature 70 | . 70 4 Average Temperature 26 | . 27 4 Received Heat Transfer 624 | . 24 600 Siege Activations . | . . . Robots Corrupted . | . . . Combat Hostiles . | . . . Parts Fried 3 | . . 3 Impact Corruptions 10 | . . 10 Robots Melted . | . . . Combat Hostiles . | . . . Parts Melted 1 | . 1 . Heat Transferred 333 | . 333 . Parts Sabotaged . | . . . Parts Stolen . | . . . Parts Stripped . | . . . Power Chain Reactions . | . . . Missiles Intercepted . | . . . Alert | -11 -10 -9 ------- Run | Scr Mat Mat Peak Influence 202 | . 202 127 Initial 7 | . . 7 Average 74 | . 110 46 Maximum Alert Level 1 | . 1 . Low Security (%) 87 | . 71 100 Level 1 12 | . 28 . Level 2 . | . . . Level 3 . | . . . Level 4 . | . . . Level 5 . | . . . High Security . | . . . Max Security . | . . . Squads Dispatched 1 | . 1 . Investigation . | . . . Extermination . | . . . Reinforcement 1 | . 1 . Assault . | . . . Garrison . | . . . Intercept . | . . . Searches Triggered . | . . . Construction Impeded . | . . . Haulers Reinforced . | . . . Active Scanning Responses . | . . . Cargo Convoy Interrupts . | . . . Stealth | -11 -10 -9 --------- Run | Scr Mat Mat Distress Signals 2 | . . 2 Communications Jammed . | . . . Distress Signals . | . . . Times Spotted 21 | . 9 12 Peak Tracking Total 6 | . 6 4 Tactical Retreats . | . . . Traps | -11 -10 -9 ------- Run | Scr Mat Mat Traps Triggered . | . . . Indirectly . | . . . Trap Hack Attempts . | . . . Triggered . | . . . Disarmed . | . . . Reprogrammed . | . . . Reused . | . . . Traps Extracted . | . . . Installed . | . . . Triggered . | . . . Machines | -11 -10 -9 ---------- Run | Scr Mat Mat Machines Disabled 1 | . . 1 Max in Single Turn 1 | . . 1 Machines Sabotaged . | . . . Garrisons Compromised . | . . . Overloaded Fab Kills . | . . . Hacking | -11 -10 -9 --------- Run | Scr Mat Mat Machines Accessed 3 | . 2 1 Terminals 1 | . 1 . Fabricators . | . . . Repair Stations 1 | . . 1 Recycling Units 1 | . 1 . Scanalyzers . | . . . Garrison Access . | . . . Total Hacks 9 | . 5 4 Successful 2 | . 2 . Failed 7 | . 3 4 Catastrophic 1 | . 1 . Database Lockouts . | . . . Manual 1 | . 1 . Terminals 1 | . 1 . Fabricators . | . . . Repair Stations 4 | . . 4 Recycling Units 4 | . 4 . Scanalyzers . | . . . Garrison Access . | . . . Terminal Hacks . | . . . Fabricator Hacks . | . . . Repair Station Hacks . | . . . Recycling Unit Hacks 2 | . 2 . Report Inventory 1 | . 1 . Retrieve Components 1 | . 1 . Scanalyzer . | . . . Garrison Access Hacks . | . . . Unauthorized Hacks . | . . . Terminals . | . . . Fabricators . | . . . Repair Stations . | . . . Recycling Units . | . . . Scanalyzers . | . . . Garrison Access . | . . . Data Cores Recovered . | . . . Used . | . . . Hacking Detections 3 | . 2 1 Full Trace Events 2 | . 1 1 Feedback Events . | . . . Feedback Blocked . | . . . Robot Schematics Acquired . | . . . Robots Built . | . . . Authchips . | . . . Time . | . . . Total Robot Build Rating . | . . . Part Schematics Acquired . | . . . Parts Built . | . . . Authchips . | . . . Time . | . . . Total Part Build Rating . | . . . Parts Repaired . | . . . Time . | . . . Parts Recycled . | . . . Recycled Matter . | . . . Retrieved Matter . | . . . Retrieved Components 9 | . 9 . Parts Scanalyzed . | . . . Part Schematics Acquired . | . . . Parts Damaged . | . . . Bothacking | -11 -10 -9 ------------ Run | Scr Mat Mat Used RIF Installer . | . . . Robots Hacked . | . . . Non-combat . | . . . Combat . | . . . Robot Hacks Applied . | . . . Relay Couplers Released . | . . . Fabnet Peak Effective % . | . . . Robots Rewired . | . . . Allies Hacked . | . . . Hacks Repelled . | . . . Allies | -11 -10 -9 -------- Run | Scr Mat Mat Total Allies . | . . . Largest Group . | . . . Highest-Rated Group . | . . . Highest-Rated Ally . | . . . Total Orders . | . . . Ally Attacks . | . . . Total Damage . | . . . Kills . | . . . Allies Corrupted . | . . . Allies Melted . | . . . Intel | -11 -10 -9 ------- Run | Scr Mat Mat Robot Analysis Total . | . . . Derelict Logs Recovered . | . . . Drone Launches . | . . . Drone Recoveries . | . . . Exploration | -11 -10 -9 ------------- Run | Scr Mat Mat Turns Passed 1107 | . 479 628 Spaces Moved 406 | 1 161 244 Core 17 | . . 17 Treads 80 | . 80 . Legs 39 | 1 38 . Wheels 270 | . 43 227 Hover . | . . . Flight . | . . . Fastest Speed 110 | 120 120 110 Average Speed 227 | 120 250 212 Slowest Speed 1450 | 120 400 1450 Overloaded Moves . | . . . Propulsion Burnouts . | . . . Robots Hopped . | . . . Cave-ins Triggered . | . . . Exploration Rate (%) 16 | 2 26 21 Regions Visited 2 Branch Regions . Pre-discovered Areas . | . . . Known Exits Taken . | . . . Unknown Exits Taken 2 | 1 1 . Scrap Searched . | . . . Spaces Dug . | . . . Terrain Destroyed . | . . . Melee . | . . . Projectile . | . . . AOE . | . . . Terrain Rammed . | . . . Walls Destroyed . | . . . Machines Disabled . | . . . Actions | -11 -10 -9 --------- Run | Scr Mat Mat Total 524 | . 208 316 Wait 13 | . 10 3 Move 404 | . 160 244 Hop . | . . . Pick Up 21 | . 7 14 Fast Attach 3 | . 2 1 Attach 7 | . . 7 Detach 2 | . . 2 Swap 15 | . 8 7 Drop 19 | . 6 13 Fire 28 | . 15 13 Melee 12 | . . 12 Ram . | . . . Kick . | . . . Crush . | . . . Escape Stasis . | . . . Rewire . | . . . Trap . | . . . Miscellaneous . | . . . Route ------- -11/Scrapyard -10/Materials -9/Materials (discovered 1 exit: [*Mat]) History --------- Turn | Location | Event 1 | -11/Scrapyard | Discovered new exit (range 0) 1 | -11/Scrapyard | Entered Materials 313 | -10/Materials | Build established: Mutant 438 | -10/Materials | Discovered new exit (range 16) 480 | -10/Materials | Entered another Materials area 480 | -9/Materials | Evolved 2 slots: Propulsion x1, Utility x1 797 | -9/Materials | Discovered new exit (range 10) 891 | -9/Materials | Lost 5 parts (1p2n2u) 1083 | -9/Materials | Core integrity fell below 50% 1100 | -9/Materials | Core integrity fell below 20% 1108 | -9/Materials | Destroyed by G-47 Trooper with Particle Gun Last Messages --------------- 00878_ Current location identified: Materials 00922_ Acquired Rocket Launcher. 00923_ Sneak attack on K-01 Serf. 00923_ K-01 Serf suffers critical hit (Smash). 00923_ Destroyed Wheel. 00923_ K-01 Serf system corrupted by crushing effect. 00923_ K-01 Serf knocked back. 00924_ K-01 Serf system terminally corrupted. 00999_ Sneak attack on M-13 Machinist. 00999_ Destroyed Wheel. 00999_ Destroyed Machine Analyzer. 00999_ M-13 Machinist system corrupted by crushing effect. 01000_ M-13 Machinist system terminally corrupted. 01000_ Lgt. Ion Engine fried. 01016_ Acquired 10 matter. 01057_ W-16 Scout sends out distress signal. 01072_ Critical hit (Burn: +37). 01074_ Lgt. Ion Engine destroyed. 01092_ Mace destroyed. 01099_ R-06 Scavenger collects Lgt. Assault Rifle. Map ----- +----------------------------------------------------+ | # ! # ## #?### ###?###### | | ####### ## ##########???# #????????? | | ??????# ## #????????????# #????????? | | ####### ### ##????????????# #????????? | | # # #?# #?????????????# #????????? | | # # #?# #####?????????# #????????? | | # # #?# #?????????#+#????????? | | #" + ### #?????????? ?????????? | | #T # #????????????????????? | | #" # [[[ #????????????????????? | | # # * ] #????????????????????? | | ####### *! #????????????????????? | | # # * #????????????????????? | | # + #????????????????????? | | # " # #????????????????????? | | # """ ## ####### ####+########+???????? | | # """??# #?????# ??????? | | # """??# #?????# ??????? | | ? "???# #?????# ??????? | | ? ""???# #?????# #############???????? | | ? ?????# #?????# ## % #?????????? | | ???????# #?????# ## """ #?????????? | | ???????? #????## ## "R #?????????? | | ???????#t##+### ggg#%" " !] #?????????? | | ???????# #% ! #?????????? | | ???????# < @ + #?????????? | | ???????# # % #?????????? | | ???????####+### # [#?????????? | | ??????????????####### ] #?????????? | | ????????????????????#### #####?????????? | | ???????????????????????###?????????????? | | ???????????????????????????????????????? | | ???????????????????????????????????????? | | ???????????????????????????????????????? | | ???????????????????????????????????????? | | ???????????????????????????????????????? | | ???????????????????????????????????????? | | ???????????????????????????????????????? | | ???????????????????????????????????????? | | ???????????????????????????????????????? | | ???????????????????????????????????????? | | ???????????????????????????????????????? | | ???????????????????????????????????????? | | ???????????????????????????????????????? | | ???????????????????????????????????????? | | ???????????????????????????????????????? | | ???????????????????????????????????????? | | ???????????????????????????????????????? | | ???????????????????????????????????????? | | ???????????????????????????????????????? | +----------------------------------------------------+ Best States ------------- Heat Dissipation 28 Energy Generation 12 Energy Capacity 265 Matter Stores 300 Matter Capacity 300 Sight Range 16 Robot Scan Range 14 Terrain Scan Density 10 Additional Mass Support 6 Evasion (%) 55 Recoil Reduction 2 Item Schematics ----------------- None Robot Schematics ------------------ None Fabricated ------------ Nothing Alien Tech Used ----------------- None Achievements -------------- None Challenges ------------ None Game ------ Seed AssembledAdvancedTendrils Manual? 0 Play Time 00:13:54 Cumulative 76.7 hours Start 2022.03.27 @ 20:07:30 End 2022.03.27 @ 20:18:35 Sessions 1 Manual Loads 0 Difficulty Rogue Special Mode None Game No. 113 Rogue 67 Adventurer 45 Explorer 1 Win Type - Total 0 Types 0/0/0/0/0/0/0/0/0 Lore% 25 Gallery% 44 Achievement% 32 Wizard Run 0 Options --------- ASCII 0 Keyboard 0 Movement Mouse Keybinds 0 Fullscreen 2 Font 18/X11Bold Map View 76x50 Tactical HUD 1 Map Filters NONE Filters LOW_CONTRAST(13,24,33)|BRIGHTNESS(90)|SATURATION(87) Steam 1 RUN: f3334e5a-d4b3-4374-a69b-42e636c3fac6